 Dungeon Crawl Stone Soup version 0.26-a0-474-gfaca0e1de5 (webtiles) character file.

Game seed: 2306786553996284271

344 Infinimo the Firebug (level 6, -1/45 HPs)
             Began as a Hill Orc Fire Elementalist on July 30, 2020.
             Succumbed to a hornet's poison
             ... while paralysed by a hornet
             ... on level 4 of the Dungeon.
             The game lasted 00:06:35 (5014 turns).

Infinimo the Firebug (Hill Orc Fire Elementalist)   Turns: 5014, Time: 00:06:36

Health: -1/45      AC:  5    Str: 11    XL:     6   Next: 58%
Magic:  9/9        EV:  2    Int: 17    God:
Gold:   186        SH:  0    Dex: 11    Spells: 9/10 levels left

rFire    . . .     SeeInvis .   d - -1 mace (curse)
rCold    . . .     Faith    .   (no shield)
rNeg     . . .     Spirit   .   a - +0 robe
rPois    .         Reflect  .   (no helmet)
rElec    .         Harm     .   c - +1 cloak
rCorr    .                      (no gloves)
MR       .....                  t - +0 pair of boots
Stlth    ++........             (no amulet)
HPRegen  0.15/turn              (no ring)
MPRegen  0.11/turn              (no ring)

@: paralysed, lethally poisoned (-1 -> -17), slowed
A: no striking features
a: no special abilities


You were on level 4 of the Dungeon.
You visited 1 branch of the dungeon, and saw 5 of its levels.

You collected 186 gold pieces.

Inventory:

Hand Weapons
 b - a +1 short sword
 d - a cursed -1 mace (weapon)
Armour
 a - a +0 robe (worn)
 c - a +1 cloak (worn)
 t - a +0 pair of boots (worn)
Jewellery
 p - a +6 ring of strength {unknown}
Scrolls
 f - a scroll of enchant armour
 h - a scroll of magic mapping
 q - 2 scrolls of remove curse
 r - a scroll of enchant weapon
Potions
 j - 2 potions of degeneration
 k - 2 potions of stabbing
 l - a potion of brilliance
 m - a potion of might


   Skills:
 - Level 1.5 Dodging
 - Level 1.5 Stealth
 + Level 2.5 Spellcasting
 * Level 4.1 Conjurations
 * Level 5.5 Fire Magic


You had 9 spell levels left.
You knew the following spells:

 Your Spells              Type           Power        Failure   Level
a - Foxfire               Conj/Fire      ###.         2%          1

Your spell library contained the following spells:

 Spells                   Type           Power        Failure   Level
 Conjure Flame            Conj/Fire      ###.....     8%          3
 Inner Flame              Hex/Fire       ##......     17%         3
 Animate Skeleton         Necr           #.....       19%         1
 Apportation              Tloc           #.....       19%         1
 Corona                   Hex            #......      19%         1
 Summon Small Mammal      Summ           #...         19%         1
 Sticky Flame             Conj/Fire      ###.....     24%         4
 Fireball                 Conj/Fire      ###.......   56%         5


Dungeon Overview and Level Annotations

Branches:
Dungeon (5/15)
 Temple: D:4-7

Altars:
Kikubaaqudgha
Trog


Message History

As you read the scroll labeled VIOKHE JIVICAR, it crumbles to dust.
The creatures around you are filled with an inner flame!
It was a scroll of immolation.
You feel sick.
The foxfire hits the hornet but does no damage.
The foxfire hits the hornet.
Flame seeps out of the hornet.
The hornet is lightly wounded.
The hornet is engulfed in blazing flames.
Flame seeps out of the hornet.
The hornet stings you!
* * * LOW HITPOINT WARNING * * *
You are lethally poisoned!
You suddenly lose the ability to move!
The hornet is engulfed in blazing flames.
Flame seeps out of the hornet.
* * * LOW HITPOINT WARNING * * *
You feel sick.
The hornet is engulfed in blazing flames.
Flame seeps out of the hornet.
The hornet stings you.
* * * LOW HITPOINT WARNING * * *
You feel as though you will be slow longer.
You die...

############ #.###.#......
...#####(..####............
##..............##.[......#
#..####.####..............
#..##.....##....#.##..###.
#..#..)....#..........#
#..#.......#....#.#####
#......_.......y....#
#..#.......#...@....#
#..#.......#..#.....# #.
##.....##..#.....#
#..####.####..#.....#
#.............#######
#######.......# ##.######
#.# #.#


You could see a hornet (inner flame).

Vanquished Creatures
  2 howler monkeys (D:4)
  Crazy Yiuf (D:2)
  An iguana (D:4)
  4 gnolls (D:4)
  7 adders
  7 worms
  2 dart slugs (D:1)
  2 leopard geckos
  2 orcs
  A ball python (D:4)
  5 giant cockroaches
  7 goblins
  4 hobgoblins
  6 jackals (D:2)
  14 kobolds
  10 bats
  8 frilled lizards
  A leopard gecko skeleton (D:5)
  15 rats
99 creatures vanquished.

Vanquished Creatures (others)
  442 foxfires
442 creatures vanquished.

Grand Total: 541 creatures vanquished

Notes
Turn   | Place    | Note
-------+----------+-------------------------------------------
     0 | D:1      | Infinimo the Hill Orc Fire Elementalist began the quest for
                  | the Orb.
     0 | D:1      | Reached XP level 1. HP: 14/14 MP: 3/3
   155 | D:1      | Reached XP level 2. HP: 20/20 MP: 0/4
   529 | D:1      | Reached XP level 3. HP: 24/26 MP: 0/5
  1093 | D:2      | Reached skill level 4 in Fire Magic
  1376 | D:2      | Reached XP level 4. HP: 33/33 MP: 1/7
  2122 | D:2      | Noticed a moth of wrath
  2125 | D:2      | Found a bloodstained altar of Trog.
  2557 | D:2      | Found a runed translucent door.
  2558 | D:2      | Noticed Crazy Yiuf
  2628 | D:2      | Reached XP level 5. HP: 38/38 MP: 5/8
  3268 | D:2      | Killed Crazy Yiuf
  4126 | D:3      | Reached skill level 5 in Fire Magic
  4507 | D:4      | Reached XP level 6. HP: 40/45 MP: 0/9
  4817 | D:4      | Found an ancient bone altar of Kikubaaqudgha.
  4966 | D:4      | Noticed a hornet
  4974 | D:5      | Entered Level 5 of the Dungeon
  5012 | D:4      | Paralysed by a hornet for 3 turns
  5013 | D:4      | HP: 1/45 [hornet (4)]
  5014 | D:4      | Succumbed to a hornet's poison

Illustrated notes

Levels and vault maps discovered:
D:1:      dpeg_arrival_subterranean_lakeside_camping, layout_basic
D:2:      layout_basic, serial_forest, infiniplex_forest_straight_2,
          infiniplex_forest_end_double, infiniplex_forest_clump_double,
          infiniplex_forest_lined_2, infiniplex_forest_diagonal,
          infiniplex_forest_straight_2, tgw_trog, uniq_crazy_yiuf_cottage
D:3:      layout_rooms
D:4:      layout_loops_cross, old_standard_altar, kennysheep_slug_shrine,
          minmay_misc_feat_columns
D:5:      cheibrodos_fzero, layout_basic, vehumet_altar_wand_db, serial_bayou,
          serial_bayou_crossing, serial_bayou_pond_d, serial_bayou_pond_c,
          serial_bayou_pond_e, chequers_serial_rivers_marsh, uniq_sigmund

Skill      XL: |  1  2  3  4  5  6 |
---------------+-------------------+-----
Conjurations   | 2 3 4 |  4.1
Fire Magic     | 4 5 |  5.5
Spellcasting   | 2 |  2.5
Dodging        | |  1.5
Stealth        | |  1.5

Action                   |  1- 3 |  4- 6 || total
-------------------------+-------+-------++-------
Melee: Unarmed           |     7 |       ||     7
       Short sword       |    49 |    23 ||    72
       Mace              |       |    26 ||    26
 Cast: Foxfire           |    61 |   209 ||   270
  Use: Scroll            |       |    15 ||    15
       Potion            |       |     7 ||     7
Armor: Robe              |    18 |    23 ||    41
Dodge: Dodged            |    53 |    78 ||   131

Table legend: (Time is in decaauts)
 A = Elapsed time spent in this place.
 B = Non-inter-level travel time spent in this place.
 C = Inter-level travel time spent in this place.
 D = Time resting spent in this place.
 E = Time spent auto-exploring this place.
 F = Levels seen in this place.
 G = Mean time per level.
                   A        B        C        D        E       F      G
               +--------+--------+--------+--------+--------+-----+--------+
         Total |   5024 |   4962 |     62 |    262 |   3863 |   5 | 1004.8 |
       Dungeon |   5024 |   4962 |     62 |    262 |   3863 |   5 | 1004.8 |
               +--------+--------+--------+--------+--------+-----+--------+

Top non-repeatable levels by time:
     D:2: 2410 daAuts
     D:1: 1261 daAuts
     D:3: 717 daAuts
     D:4: 613 daAuts
     D:5: 21 daAuts
